[Event "*** Titled Tuesday Blitz"]
[Site "Chess.com"]
[Date "2019.05.07"]
[Round "8"]
[White "Vice64"]
[Black "Marcus_Harvey"]
[Result "1-0"]
[WhiteElo "2549"]
[BlackElo "2639"]
[TimeControl "180+2"]
[EndTime "14:57:01 PDT"]
[Termination "Vice64 won by resignation"]

1. e4 e6 2. d4 d5 3. Nc3 Nf6 4.
Bg5 dxe4 5. Nxe4 Be7 6. Bxf6 gxf6 7. Qd3 e5 8. O-O-O Qxd4 9. Qxd4 exd4 10. Rxd4 Nc6 11.
Rd1 Be6 12. Bb5 Rg8 13. g3 f5 14. Nc3 f4 15. Nge2 fxg3 16. hxg3 Rg7 17. Nf4 Bg4 18. Rd2 Kf8 19. Ncd5 Bd8 20. Re1 h5 21. Rd3 a6 22.
Bxc6 bxc6 23. Nb4 Bg5 24. Nxc6 h4 25. Ne5 Bf5 26. Rd4 Re8 27. gxh4 c5 28. Rc4 Bh6 29. Kd1 Rd8+ 30. Ned3 Bxf4 31. Rxf4 Bxd3 32. cxd3 Rxd3+ 33. Kc2 Rd5 34. Rfe4 Rg2 35. R1e2 Rf5 36. Re8+ Kg7 37. R8e5 Rgxf2 38. Rxf2 Rxe5 39. Kc3 f5 40. Rf4 Kf6 41.
Kc4 Kg6 42. b3 Kh5 43. Kd3 Rd5+ 44. Ke3 Re5+ 45. Kf3 Kg6 46. Ra4 Re6 47. Kf4 Rb6 48. Ra5 Rb4+ 49. Kg3 Rg4+ 50. Kh3 c4 51. Rxa6+ Kh5 52.
bxc4 Rxc4 53. Ra5 Rc3+ 54. Kg2 Kg4 55. Rb5 Rc2+ 56. Kf1 f4 57. Rb3 Rxa2 58. h5 Ra5 59. h6 Rh5 60. Rb6 Kg3 61. Rg6+ Kf3 62. Kg1 Rh4 63. Ra6 Rh5 64. Ra3+ Kg4 65. Ra6 Kg3 66. Rg6+ Kf3 67. Ra6 Rg5+ 68. Kf1 Rb5 69. Kg1 Rg5+ 70. Kf1 Kg3 71. h7 Rh5 72. Ra7 Rh1+ 73. Ke2 f3+ 74. Ke3 Re1+ 75. Kd2 Re8 76. Rg7+ Kf4 77. Rg8 Re2+ 78.
Kd1 Rh2 79. h8=Q f2 1-0

[Event "*** Titled Tuesday Blitz"]
[Site "Chess.com"]
[Date "2019.05.07"]
[Round "8"]
[White "MITerryble"]
[Black "JonahWillow"]
[Result "1-0"]
[WhiteElo "2819"]
[BlackElo "2719"]
[TimeControl "180+2"]
[EndTime "14:57:12 PDT"]
[Termination "MITerryble won by resignation"]

1. d4 Nf6 2. Nf3 e6 3. c4 c5 4. dxc5 Bxc5 5. e3 O-O 6. a3 d5 7. b4 Be7 8. Bb2 b6 9. Nbd2 Bb7 10. Rc1 Nbd7 11. Bd3 h6 12. O-O Rc8 13. Qe2 Re8 14.
cxd5 Nxd5 15. Ba6 Rxc1 16. Rxc1 Qb8 17. Bb5 Rd8 18. Nd4 N7f6 19. Nc6 Bxc6 20. Bxc6 Bd6 21. g3 Be5 22. Nf3 Bxb2 23. Qxb2 Rc8 24. b5 Qd6 25. a4 Ne7 26. Ne5 Nfd5 27. Rd1 Qb4 28. Qxb4 Nxb4 29. Bb7 Rc7 30. Rd8+ Kh7 31. Bf3 Ned5 32.
g4 g6 33. h4 Kg7 34. g5 hxg5 35. hxg5 f6 36. gxf6+ Kxf6 37. Ng4+ Kg7 38. Be4 Nf6 39. Nxf6 Kxf6 40. Rg8 Rg7 41. Rf8+ Rf7 42. Rg8 Rg7 43.
Rd8 Rc7 44. Kg2 g5 45. Rg8 Rg7 46. Rf8+ Rf7 47. Rg8 Rg7 48. Rc8 Ke5 49. Rc4 Nd5 50. Bxd5 exd5 51. Rg4 Kf5 52. Rd4 Ke5 53. Kg3 Rf7 54. Rd1 Ke4 55. Rd4+ Ke5 56. Rd2 Ke4 57. Kg4 Rg7 58. Rd4+ Ke5 59. Rd2 Ke4 60. Rc2 Ke5 61. Rc8 Rf7 62. Rc2 Rg7 63. f3 Rf7 64. Rf2 Rg7 65. Rh2 Kf6 66. Rh6+ Ke5 67. Rh5 Kf6 68. Rh6+ Ke5 69. Rh8 Rf7 70. Rg8 d4 71. Rxg5+ Kd6 72. exd4 Rc7 73. Rg6+ Kd5 74. f4 Kxd4 75. f5 Ke5 76.
Re6+ Kd5 77. Kg5 Rc4 78. Re8 Rxa4 79. f6 Ra1 80. f7 Rg1+ 81. Kh4 Rh1+ 82. Kg3 Rf1 83.
f8=Q Rxf8 84. Rxf8 Kc4 85. Rf5 Kb4 86. Kf3 Ka5 87.
Ke4 a6 88. bxa6+ Kxa6 89. Kd4 1-0

[Event "*** Titled Tuesday Blitz"]
[Site "Chess.com"]
[Date "2019.05.07"]
[Round "8"]
[White "StephenDedalus83"]
[Black "stepanosinovsky"]
[Result "1-0"]
[WhiteElo "2808"]
[BlackElo "2407"]
[TimeControl "180+2"]
[EndTime "14:57:39 PDT"]
[Termination "StephenDedalus83 won on time"]

1. e4 e5 2. Nf3 Nc6 3. Bb5 a6 4. Ba4 Nf6 5. O-O Be7 6. Re1 b5 7. Bb3 O-O 8. d3 d6 9. c3 Na5 10. Bc2 c5 11. Nbd2 Nc6 12. Nf1 Re8 13. h3 Bf8 14. Bg5 h6 15. Bh4 g6 16. d4 Bg7 17.
dxc5 dxc5 18. Qe2 g5 19. Bg3 Nh5 20. Rad1 Qf6 21. Ne3 Nxg3 22. fxg3 Ne7 23. g4 c4 24.
Rf1 Qb6 25. Kh2 Be6 26. Nd5 Bxd5 27. exd5 Ng6 28. Qe4 b4 29. Ba4 Rf8 30. d6 bxc3 31. bxc3 Rad8 32. d7 Qa5 33. Qxc4 e4 34. Qxe4 Bxc3 35.
Rd5 Qc7+ 36. Kh1 Nf4 37. Bc2 f5 38. Rxf5 Rxf5 39. Qxf5 Qxd7 40. Qe4 Bf6 41. Bb3+ Kg7 42. Nh4 gxh4 43. Qxf4 Qd6 44. Qe4 Qe5 45. Qf3 Rd6 46.
Bc2 Qd5 47. Qa3 Qc4 48. Rf2 Qd4 49. Qf3 Qa1+ 50. Rf1 Qxa2 51. Qf5 Qb2 52. Qh7+ Kf8 53. Qxh6+ Ke7 54. Qh7+ Kd8 55. Bf5 Qe2 56. Qg8+ Ke7 57. Qh7+ Kd8 58. Qg8+ Ke7 59. Rg1 Rd1 60. Qh7+ Kd8 61.
Qg8+ Ke7 62. Qh7+ Kd8 63. Qa7 Rxg1+ 64. Qxg1 a5 65. Qb1 a4 66. Qb8+ Ke7 67. Qb7+ Kf8 68. Qc8+ Kg7 69. Qd7+ Kf8 70. Qd6+ Kg7 71. Qd7+ Kf8 72.
Qc8+ Kg7 73. Qc7+ Kf8 74. Qc5+ Kg7 75. Qc1 a3 76. g5 Be5 77. Be6 a2 78. Bxa2 Qxa2 79.
Kg1 Qa7+ 80. Kh1 Qd4 81. Qf1 Bf4 82. g6 Kxg6 83. Qe1 Kg5 84. Qf1 Bd6 85. Qe1 Qf4 86. Qg1 Be5 87. g4 1-0

[Event "*** Titled Tuesday Blitz"]
[Site "Chess.com"]
[Date "2019.05.07"]
[Round "8"]
[White "nitpicker"]
[Black "Al_Shima"]
[Result "1-0"]
[WhiteElo "2247"]
[BlackElo "2404"]
[TimeControl "180+2"]
[EndTime "14:57:49 PDT"]
[Termination "nitpicker won by checkmate"]

1. d4 Nf6 2. c4 Nc6 3. Nf3 e6 4.
a3 d5 5. Nc3 dxc4 6. e4 Be7 7.
Bxc4 O-O 8. O-O b6 9. h3 Bb7 10. Re1 Qc8 11. e5 Nd7 12. Bd3 Rd8 13. Bg5 Nf8 14.
Be3 Ng6 15. Qc2 Bf8 16. Rad1 Nce7 17. Be4 Nd5 18. Bc1 Be7 19. g3 c6 20. h4 Nf8 21.
h5 h6 22. Qe2 Ba6 23. Qc2 Qb7 24. g4 Rac8 25. g5 hxg5 26. Nxg5 Bxg5 27. Bxg5 Rd7 28. h6 g6 29. Bd3 Bxd3 30. Rxd3 Nh7 31. Bc1 c5 32.
Ne4 cxd4 33. Qd1 Ne7 34. Nd6 Rxd6 35. exd6 Nf5 36. Bf4 Rd8 37. Be5 f6 38. Bxd4 Rxd6 39. Bc3 Rxd3 40. Qxd3 Nh4 41. Qe4 Nf3+ 42. Kf1 Qa6+ 43.
Re2 Nh2+ 44. Kg2 Qb5 45. Kxh2 Nf8 46. Bxf6 Qh5+ 47. Kg2 Qxh6 48. Qe3 Qh5 49. Bc3 Qg4+ 50. Kf1 Qc4 51. Qd4 Qxd4 52. Bxd4 Kf7 53. Be5 Nd7 54. Re3 Nc5 55. Ke2 Ke7 56. b4 Nd7 57. Bc7 Kf6 58. Kf3 Kf5 59. Kg3 e5 60. Rf3+ Ke6 61. Re3 Kf5 62.
Rc3 Ke6 63. Rc6+ Kf7 64. Kf3 Nf8 65. Ke4 Ne6 66. Kxe5 Ng5 67. Bd6 Nf3+ 68. Kf4 Nd4 69. Rc7+ Ke6 70. Bf8 Nb5 71. Rg7 Kf6 72. Rb7 Ke6 73.
a4 Nd4 74. Rxa7 Nc6 75. Ra6 Kd5 76. Rxb6 g5+ 77. Kxg5 Ne5 78. a5 Nc4 79. Rb7 Kc6 80. Rh7 Ne5 81. Bc5 Kb5 82. Kf5 Nc4 83. f4 Ka6 84.
Ke6 Nd2 85. f5 Ne4 86. f6 Ng5+ 87. Kf5 Nxh7 88. f7 Kb7 89. Kg6 Nf8+ 90. Bxf8 Ka6 91. Bc5 Kb5 92. f8=Q Ka6 93. Qa8+ Kb5 94. Qb7+ Ka4 95. a6 Kb3 96. a7 Kc4 97. a8=Q Kd3 98. b5 Kc4 99. Qc6 Kb3 100. b6 Kc4 101. b7 Kd3 102.
b8=Q Ke2 103. Bf8 Kd1 104. Qcc8 Ke2 105. Kf5 Ke3 106. Ke5 Kd3 107. Qb3+ Ke2 108. Qcc2+ Kf1 109. Qd8 Ke1 110. Qdd1# 1-0

[Event "*** Titled Tuesday Blitz"]
[Site "Chess.com"]
[Date "2019.05.07"]
[Round "8"]
[White "DenishevM"]
[Black "Orest_Vovk"]
[Result "1/2-1/2"]
[WhiteElo "2589"]
[BlackElo "2456"]
[TimeControl "180+2"]
[EndTime "14:57:56 PDT"]
[Termination "Game drawn by repetition"]

1. Nf3 Nf6 2. b3 g6 3. Bb2 Bg7 4. e3 Nh5 5. d4 O-O 6. Be2 d5 7. O-O Nc6 8. c4 dxc4 9. bxc4 b6 10. Nc3 Na5 11. Nd2 Nf6 12. Bf3 Bb7 13. Bxb7 Nxb7 14. Qf3 Na5 15. Rac1 c5 16. d5 Nd7 17. e4 Ne5 18. Qe2 Qc8 19. f4 Ng4 20. h3 Bd4+ 21.
Kh1 Nf6 22. Nb3 Nh5 23. Kh2 Qa6 24. Nxd4 cxd4 25. Nb5 Rac8 26. a4 Nb3 27. Nxd4 Nxc1 28. Rxc1 Nxf4 29. Qf3 Nh5 30. Nc6 Rxc6 31. dxc6 Qxa4 32.
Qc3 f6 33. Ra1 Qxc6 34. Rxa7 Qxe4 35. Ba3 Qf4+ 36. Kg1 Rd8 37. Qe1 e5 38. Bc1 Qxc4 39. Be3 Nf4 40. Bxf4 Qxf4 41. Qb1 Qd4+ 42. Kh2 Qf4+ 43.
Kg1 Qd4+ 44. Kh2 Qd5 45. Rc7 Rf8 46. Qxb6 Rf7 47. Rc8+ Kg7 48. Qb8 e4 49. Rg8+ Kh6 50. Qf4+ g5 51. Qf2 Qd6+ 52. Kh1 Qf4 53. Qe1 Rc7 54. Rd8 Rc1 55. Rd1 Rxd1 56. Qxd1 e3 57. Qd8 Qf1+ 58. Kh2 Qf4+ 59. Kh1 Kg7 60. Qe7+ Kg6 61.
Qe8+ Kg7 62. Qe7+ Kh6 63. Qf8+ Kh5 64. Qf7+ Kh4 65. Qxh7+ Kg3 66. Qd3 Kf2 67. Qc2+ e2 68. Qc5+ Qe3 69. Qf5+ Ke1 70. Qb1+ Kd2 71. Qb2+ Kd3 72.
Qb3+ Ke4 73. Qe6+ Kd3 74. Qb3+ Kd2 75. Qb2+ Ke1 76. Qb1+ Kd2 77. Qb2+ Kd3 78. Qb3+ Kd4 79. Qb6+ Ke4 80. Qe6+ Kf4 81. Qxf6+ Kg3 82. Qd6+ Kf2 83. Qf6+ Qf4 84. Qb6+ Kf1 85. Qa6 Qf2 86. Qa1+ e1=Q 87.
Qa6+ Qfe2 88. Qf6+ Q1f2 89. Qa1+ Qee1 90. Qa6+ Qfe2 91.
Qf6+ Q1f2 92. Qa1+ Qfe1 93. Qf6+ Q2f2 94. Qa6+ Qee2 95.
Qa1+ 1/2-1/2

[Event "*** Titled Tuesday Blitz"]
[Site "Chess.com"]
[Date "2019.05.07"]
[Round "9"]
[White "Firouzja2003"]
[Black "MITerryble"]
[Result "1-0"]
[WhiteElo "3060"]
[BlackElo "2816"]
[TimeControl "180+2"]
[EndTime "14:59:53 PDT"]
[Termination "Firouzja2003 won by resignation"]

1. e4 e6 2. d4 d5 3. Nc3 Nf6 4. e5 Nfd7 5. f4 c5 6. Nf3 Nc6 7.
Be3 Be7 8. Qd2 O-O 9. dxc5 Qa5 10. O-O-O b6 11. Bb5 Bb7 12. Bxc6 Bxc6 13. Nd4 Rfc8 14.
Kb1 bxc5 15. Nxc6 Rxc6 16. Nxd5 exd5 17. Qxa5 1-0

[Event "*** Titled Tuesday Blitz"]
[Site "Chess.com"]
[Date "2019.05.07"]
[Round "9"]
[White "Al_Shima"]
[Black "Casablanca"]
[Result "1-0"]
[WhiteElo "2407"]
[BlackElo "2143"]
[TimeControl "180+2"]
[EndTime "15:00:07 PDT"]
[Termination "Al_Shima won by checkmate"]

1. b3 b6 2. Bb2 Bb7 3. e3 e6 4.
Nf3 Nf6 5. Be2 Be7 6. O-O O-O 7. c4 d5 8. Nc3 c5 9. cxd5 exd5 10. d4 Nc6 11. Rc1 cxd4 12. Nxd4 Nxd4 13. Qxd4 Bc5 14. Qh4 d4 15. Na4 dxe3 16. Nxc5 exf2+ 17. Rxf2 bxc5 18. Rxf6 gxf6 19. Bxf6 Qd2 20. Qg3+ Qg5 21. Qxg5# 1-0

[Event "*** Titled Tuesday Blitz"]
[Site "Chess.com"]
[Date "2019.05.07"]
[Round "9"]
[White "2165149677570"]
[Black "bugsbunny444"]
[Result "0-1"]
[WhiteElo "2336"]
[BlackElo "2561"]
[TimeControl "180+2"]
[EndTime "15:00:08 PDT"]
[Termination "bugsbunny444 won by resignation"]

1. d4 e6 2. e4 d5 3. Nc3 Nf6 4.
Bg5 Bb4 5. e5 h6 6. exf6 hxg5 7.
fxg7 Rg8 8. h4 gxh4 9. Qh5 Qf6 10. Qxh4 Qxg7 11. O-O-O Bd7 12. Nf3 Nc6 13. Ne2 Be7 14.
Qh5 O-O-O 15. Nf4 Rh8 0-1

[Event "*** Titled Tuesday Blitz"]
[Site "Chess.com"]
[Date "2019.05.07"]
[Round "9"]
[White "MasterKroket"]
[Black "NemtsevIgor"]
[Result "0-1"]
[WhiteElo "2338"]
[BlackElo "2267"]
[TimeControl "180+2"]
[EndTime "15:00:17 PDT"]
[Termination "NemtsevIgor won by resignation"]

1. d4 c6 2. c4 d6 3. Nc3 Nd7 4. Bg5 h6 5. Bh4 g5 6. Bg3 Bg7 7. e3 Qb6 8. Qd2 Ngf6 9. Bd3 c5 10. d5 Ng4 11. h4 Nge5 12. hxg5 Nxd3+ 13. Qxd3 Qxb2 14. Rd1 Qxc3+ 15. Kf1 Qxd3+ 16. Rxd3 hxg5 0-1

[Event "*** Titled Tuesday Blitz"]
[Site "Chess.com"]
[Date "2019.05.07"]
[Round "9"]
[White "WeAintSurePal"]
[Black "AlexandraBotez"]
[Result "1-0"]
[WhiteElo "2258"]
[BlackElo "1997"]
[TimeControl "180+2"]
[EndTime "15:00:59 PDT"]
[Termination "WeAintSurePal won by resignation"]

1. Nf3 Nf6 2. b3 g6 3. Bb2 Bg7 4. e3 d6 5. Be2 O-O 6. O-O Nbd7 7. c4 e5 8. d4 Qe7 9. Nc3 Nh5 10. Nd5 Qd8 11.
dxe5 Nxe5 12. Nxe5 dxe5 13. Bxh5 gxh5 14. Qxh5 c6 15. Nc3 Qf6 16. Ne4 Qg6 17. Qxg6 hxg6 18. Rad1 Be6 19. Nc5 Bc8 20. Rd2 b6 21. Ne4 Be6 22.
Rfd1 Rac8 23. h3 f6 24. Rd6 Bf7 25. Nxf6+ Bxf6 26. Rxf6 Rfe8 27. Rd7 1-0

[Event "*** Titled Tuesday Blitz"]
[Site "Chess.com"]
[Date "2019.05.07"]
[Round "9"]
[White "Indianlad"]
[Black "albi1999"]
[Result "1-0"]
[WhiteElo "2883"]
[BlackElo "2546"]
[TimeControl "180+2"]
[EndTime "15:01:33 PDT"]
[Termination "Indianlad won by resignation"]

1. e4 e5 2. Nf3 Nc6 3. Bb5 a6 4. Ba4 d6 5. O-O Bd7 6. c3 g6 7. d4 Bg7 8. Re1 Nf6 9. Nbd2 O-O 10. Bc2 h6 11. h3 Re8 12. Nf1 Nh5 13. Be3 Qf6 14.
N1h2 Nf4 15. Ng4 Bxg4 16. hxg4 Rad8 17. d5 Ne7 18. g3 Nh3+ 19. Kg2 Ng5 20. Nxg5 hxg5 21.
Qd2 Bh6 22. Rh1 Kg7 23. Rxh6 Kxh6 24. Bxg5+ Qxg5 25. Rh1+ 1-0

[Event "*** Titled Tuesday Blitz"]
[Site "Chess.com"]
[Date "2019.05.07"]
[Round "9"]
[White "JonasHilwerda"]
[Black "DenishevM"]
[Result "0-1"]
[WhiteElo "2240"]
[BlackElo "2591"]
[TimeControl "180+2"]
[EndTime "15:01:45 PDT"]
[Termination "DenishevM won by resignation"]

1. d4 Nf6 2. Bf4 g6 3. h3 Bg7 4. e3 O-O 5. Nf3 d6 6. c4 Nc6 7.
Nc3 Nd7 8. Bd3 e5 9. dxe5 dxe5 10. Bh2 Nc5 11. Bc2 Be6 12. Qe2 Nb4 13. Bb3 Nbd3+ 14.
Kf1 e4 15. Ne1 Bxc3 16. bxc3 Qf6 17. Qc2 Rac8 18. Bg3 h5 19. h4 Rfd8 20. Ke2 c6 21. f3 Bf5 22. Rf1 Qe6 0-1

[Event "*** Titled Tuesday Blitz"]
[Site "Chess.com"]
[Date "2019.05.07"]
[Round "9"]
[White "kintoho"]
[Black "RojonR"]
[Result "0-1"]
[WhiteElo "2537"]
[BlackElo "2437"]
[TimeControl "180+2"]
[EndTime "15:01:47 PDT"]
[Termination "RojonR won by resignation"]

1. e4 e5 2. Nf3 Nc6 3. Nc3 Nf6 4. a3 g6 5. d4 exd4 6. Nxd4 Bg7 7. Bg5 h6 8. Be3 d5 9. exd5 Nxd5 10. Nxd5 Qxd5 11.
Nxc6 Qxc6 12. c3 Be6 13. Qf3 Bd5 14. Qg3 Bxc3+ 15. Ke2 Qc4+ 16. Kd1 Qb3+ 17. Ke2 Qc2+ 0-1

[Event "*** Titled Tuesday Blitz"]
[Site "Chess.com"]
[Date "2019.05.07"]
[Round "9"]
[White "PE-TRO"]
[Black "Berardino"]
[Result "0-1"]
[WhiteElo "2780"]
[BlackElo "2547"]
[TimeControl "180+2"]
[EndTime "15:02:16 PDT"]
[Termination "Berardino won by resignation"]

1. Nf3 c5 2. c4 Nf6 3. b3 g6 4.
Bb2 Bg7 5. g3 O-O 6. Bg2 d6 7.
O-O Nc6 8. d4 Ne4 9. Nbd2 Bf5 10.
Rc1 Qa5 11. Nxe4 Bxe4 12. Bc3 Qxa2 13. Ra1 Qc2 14. Qxc2 Bxc2 15. Rfc1 Be4 16. d5 Bxf3 17. Bxf3 Bxc3 18. Rxc3 Nd4 19. Bg2 Nxe2+ 0-1

[Event "*** Titled Tuesday Blitz"]
[Site "Chess.com"]
[Date "2019.05.07"]
[Round "9"]
[White "Blitzstream"]
[Black "Jahonas"]
[Result "1-0"]
[WhiteElo "2580"]
[BlackElo "2382"]
[TimeControl "180+2"]
[EndTime "15:02:20 PDT"]
[Termination "Blitzstream won by resignation"]

1. g4 c6 2. Bg2 d5 3. g5 h5 4. d4 g6 5. Bf4 Bg7 6. e3 Bf5 7. c4 Bxb1 8. Rxb1 Qa5+ 9. b4 Qxa2 10. cxd5 cxd5 11. Ne2 e6 12. Ra1 Qc4 13. O-O Nc6 14.
b5 Qxb5 15. Qd2 Nge7 16. Rfb1 Qc4 17. Nc3 O-O 18. Bf1 1-0

[Event "*** Titled Tuesday Blitz"]
[Site "Chess.com"]
[Date "2019.05.07"]
[Round "9"]
[White "tomozupan"]
[Black "j_coca"]
[Result "0-1"]
[WhiteElo "2256"]
[BlackElo "1925"]
[TimeControl "180+2"]
[EndTime "15:02:37 PDT"]
[Termination "j_coca won by checkmate"]

1. d4 Nf6 2. Bg5 Ne4 3. Bf4 d6 4. f3 Nf6 5. e4 Nc6 6. Bb5 a6 7.
Bxc6+ bxc6 8. Qd2 g6 9. Nc3 Bg7 10. Bh6 O-O 11. h4 Rb8 12. h5 e5 13. hxg6 fxg6 14.
Bxg7 Kxg7 15. Qh6+ Kf7 16. dxe5 dxe5 17. Nh3 Bxh3 18.
Rxh3 Rxb2 19. Rd1 Qe7 20. g4 Qc5 21. f4 Qg1+ 22. Ke2 Qg2+ 23. Ke1 Rxc2 24. Qh4 Qg1# 0-1

[Event "*** Titled Tuesday Blitz"]
[Site "Chess.com"]
[Date "2019.05.07"]
[Round "9"]
[White "CarrotsandPizza"]
[Black "Yaacovn"]
[Result "0-1"]
[WhiteElo "2164"]
[BlackElo "2778"]
[TimeControl "180+2"]
[EndTime "15:02:44 PDT"]
[Termination "Yaacovn won by resignation"]

1. e4 c6 2. d4 d5 3. Nc3 dxe4 4. Nxe4 Nf6 5. Nxf6+ gxf6 6. Ne2 Bg4 7. Qd3 Bh5 8.
Nf4 Bg6 9. Nxg6 hxg6 10. Be2 e6 11. Bd2 f5 12. O-O-O Qd5 13. c4 Qxg2 14. Bf3 Qxf2 15. d5 Nd7 16. dxc6 Ne5 17. Qe2 Qxe2 18. Bxe2 Nxc6 19. Bc3 Bh6+ 20. Kc2 O-O 21. Rd7 Rab8 22. Bf3 Bg7 23. Rhd1 Bxc3 24. Kxc3 Rfc8 25. Bxc6 Rxc6 26.
b4 Rbc8 27. c5 b6 28. Kc4 bxc5 29. b5 R6c7 30. a4 f4 31. a5 e5 32. b6 axb6 33.
axb6 Rxd7 34. Rxd7 e4 35. b7 Rb8 36. Kxc5 f3 37. Kd4 f2 38. Rc7 Rxb7 0-1

[Event "*** Titled Tuesday Blitz"]
[Site "Chess.com"]
[Date "2019.05.07"]
[Round "9"]
[White "Ind1anStar"]
[Black "Zq1"]
[Result "0-1"]
[WhiteElo "2455"]
[BlackElo "2495"]
[TimeControl "180+2"]
[EndTime "15:02:50 PDT"]
[Termination "Zq1 won on time"]

1. d4 Nf6 2. c4 a6 3. g3 c5 4.
Bg2 cxd4 5. Qxd4 Nc6 6. Qd1 g6 7. Nc3 Bg7 8. e4 O-O 9. Nge2 Rb8 10. O-O b5 11. cxb5 axb5 12. Be3 b4 13. Nd5 d6 14. Nd4 Bb7 15. Rc1 Nxd4 16. Bxd4 Bxd5 17. exd5 Qa5 18. Qb3 Rfc8 0-1

[Event "*** Titled Tuesday Blitz"]
[Site "Chess.com"]
[Date "2019.05.07"]
[Round "9"]
[White "ZuchBolt"]
[Black "AliKa2810"]
[Result "0-1"]
[WhiteElo "2264"]
[BlackElo "2490"]
[TimeControl "180+2"]
[EndTime "15:02:50 PDT"]
[Termination "AliKa2810 won by resignation"]

1. d4 Nf6 2. c4 g6 3. Nc3 Bg7 4. e4 d6 5. Be2 O-O 6. Bg5 h6 7. Be3 e5 8. Nf3 Nc6 9. d5 Ne7 10. h3 Nh5 11. Qd2 Nf4 12. Bxf4 exf4 13. Qxf4 g5 14. Qe3 f5 15. exf5 Bxf5 16. O-O Ng6 17. Bd3 Bxd3 18. Qxd3 Nf4 19. Qd2 Nxh3+ 20. Kh2 Nf4 21. Nd4 Qf6 22. Rad1 Qg6 23. g3 Qh5+ 24. Kg1 Rae8 25. gxf4 Bxd4 26. Qxd4 Rxf4 0-1

[Event "*** Titled Tuesday Blitz"]
[Site "Chess.com"]
[Date "2019.05.07"]
[Round "9"]
[White "H3nriqueTV"]
[Black "aa175"]
[Result "1-0"]
[WhiteElo "2009"]
[BlackElo "1957"]
[TimeControl "180+2"]
[EndTime "15:02:57 PDT"]
[Termination "H3nriqueTV won by resignation"]

1. e4 e5 2. Nf3 f5 3. d3 Nf6 4. exf5 d6 5. g3 Bxf5 6. Bg2 Nc6 7. Nc3 h5 8. Bg5 Be7 9. Nh4 Bg4 10. Qd2 Kf7 11.
h3 Be6 12. O-O-O d5 13. f4 d4 14. Ne4 Bxa2 15. Bxf6 gxf6 16. fxe5 Nxe5 17. Rhf1 Kg8 18.
Ng6 Rh7 19. Nxe7+ Rxe7 20. Nxf6+ Kg7 21. Qg5+ Ng6 22. Nxh5+ Kh7 23. Nf6+ Kg7 24. Be4 Bf7 25. Nh5+ Kh7 26. Rxf7+ 1-0

[Event "*** Titled Tuesday Blitz"]
[Site "Chess.com"]
[Date "2019.05.07"]
[Round "9"]
[White "GremioPrudente"]
[Black "bluejay1897"]
[Result "1-0"]
[WhiteElo "2130"]
[BlackElo "2254"]
[TimeControl "180+2"]
[EndTime "15:03:09 PDT"]
[Termination "GremioPrudente won by resignation"]

1. Nf3 Nf6 2. c4 c6 3. d4 d5 4. Nc3 e6 5. Bg5 Be7 6. e3 O-O 7. Bd3 Nbd7 8. O-O Re8 9. Rc1 a6 10.
Qc2 b5 11. b3 Nf8 12. Rfd1 Bb7 13. h3 Ng6 14. Ne5 Rc8 15. Nxg6 hxg6 16. Qe2 Nd7 17. Bxe7 Qxe7 18. f4 Nf6 19. c5 Kh7 20. b4 Rh8 21. a4 Ra8 22. Ra1 Rhb8 23. Rd2 Bc8 24. Rda2 Qb7 25. a5 Qc7 26. Rf1 Nh5 27. Qxh5+ Kg8 28.
Qf3 1-0

[Event "*** Titled Tuesday Blitz"]
[Site "Chess.com"]
[Date "2019.05.07"]
[Round "9"]
[White "TargetA"]
[Black "enriquetejedor"]
[Result "1-0"]
[WhiteElo "2457"]
[BlackElo "2531"]
[TimeControl "180+2"]
[EndTime "15:03:33 PDT"]
[Termination "TargetA won by resignation"]

1. e4 c5 2. Nc3 Nc6 3. f4 g6 4.
Nf3 Bg7 5. Bc4 e6 6. f5 Nge7 7. fxe6 fxe6 8. d3 O-O 9. O-O d5 10.
exd5 exd5 11. Bb3 Na5 12. Bg5 Nxb3 13. axb3 Be6 14. Qe2 Qd7 15. Rae1 d4 16. Na4 b6 17. Qxe6+ Qxe6 18. Rxe6 Nd5 19. Rfe1 1-0

[Event "*** Titled Tuesday Blitz"]
[Site "Chess.com"]
[Date "2019.05.07"]
[Round "9"]
[White "GHANDEEVAM2003"]
[Black "StephenDedalus83"]
[Result "1-0"]
[WhiteElo "2900"]
[BlackElo "2802"]
[TimeControl "180+2"]
[EndTime "15:03:42 PDT"]
[Termination "GHANDEEVAM2003 won by resignation"]

1. e4 c5 2. Nf3 Nc6 3. d4 cxd4 4.
Nxd4 Qc7 5. Nc3 e6 6. Be2 a6 7. O-O Nf6 8. Be3 Be7 9. f4 d6 10. Qe1 O-O 11. Kh1 Na5 12. Rd1 Nc4 13. Bc1 b5 14. f5 e5 15. Nf3 h6 16. Bd3 Bb7 17. a3 Rac8 18. Na2 d5 19. exd5 Bxd5 20. Nc3 Bxf3 21.
gxf3 Nxa3 22. Rg1 Kh7 23. Qh4 Nc4 24. Rxg7+ 1-0

[Event "*** Titled Tuesday Blitz"]
[Site "Chess.com"]
[Date "2019.05.07"]
[Round "9"]
[White "NM2019"]
[Black "GMKrikor"]
[Result "0-1"]
[WhiteElo "2147"]
[BlackElo "2724"]
[TimeControl "180+2"]
[EndTime "15:03:44 PDT"]
[Termination "GMKrikor won by checkmate"]

1. c4 c5 2. Nf3 Nc6 3. g3 g6 4. Bg2 Bg7 5. O-O e5 6. Nc3 d6 7. d3 Nge7 8. h3 O-O 9. Re1 Rb8 10. a3 a5 11. e4 h6 12. Nd5 f5 13. b4 axb4 14.
axb4 Nxd5 15. cxd5 Nxb4 16. Ba3 Bd7 17. Bxb4 cxb4 18.
Qb3 Qb6 19. Rab1 Rfc8 20. Qxb4 Qxb4 21. Rxb4 b5 22. Ra1 Rc3 23. Bf1 Rbc8 24. Ra7 R8c7 25.
Rxc7 Rxc7 26. h4 Kf7 27. Nd2 Bf6 28. Bh3 h5 29. Kg2 Bd8 30. f4 Rc2 31. Kf3 Rxd2 32. Ke3 Rh2 33. Bf1 Bb6+ 34. Kf3 Rf2# 0-1

[Event "*** Titled Tuesday Blitz"]
[Site "Chess.com"]
[Date "2019.05.07"]
[Round "9"]
[White "GelmanAlexander"]
[Black "muran29"]
[Result "1-0"]
[WhiteElo "2582"]
[BlackElo "2455"]
[TimeControl "180+2"]
[EndTime "15:03:48 PDT"]
[Termination "GelmanAlexander won by resignation"]

1. d4 d5 2. Nc3 Nf6 3. Bf4 e6 4. Nb5 Bd6 5. Nxd6+ cxd6 6. e3 Nc6 7. Nf3 O-O 8. Be2 Re8 9. O-O e5 10. Bg5 h6 11.
Bh4 Bg4 12. h3 Bh5 13. c3 Rc8 14. Re1 e4 15. Nd2 Bxe2 16. Qxe2 Na5 17. Qb5 Qb6 18.
Qxb6 axb6 19. Bxf6 gxf6 20. Rec1 Nc4 21. Rc2 b5 22.
Nf1 Ra8 23. Ng3 Ra6 24. Nh5 Rea8 25. a3 Nb6 26. Nxf6+ Kg7 27. Nh5+ Kg6 28. Nf4+ Kf5 29.
g4+ Kf6 30. Kg2 Kg5 31. Kg3 f5 32. Ne6+ Kf6 33. Nc7 1-0

[Event "*** Titled Tuesday Blitz"]
[Site "Chess.com"]
[Date "2019.05.07"]
[Round "9"]
[White "zurzan"]
[Black "PNEPaul"]
[Result "1-0"]
[WhiteElo "1994"]
[BlackElo "1840"]
[TimeControl "180+2"]
[EndTime "15:03:58 PDT"]
[Termination "zurzan won by resignation"]

1. e4 e5 2. Nf3 Nc6 3. Bc4 Be7 4. O-O Nf6 5. Nc3 Nxe4 6. Nxe4 d5 7. Bd3 dxe4 8.
Bxe4 O-O 9. Bxc6 bxc6 10. Nxe5 Bd6 11. d4 Bb7 12. Nc4 Ba6 13. b3 Bxc4 14. bxc4 Qf6 15. c3 Rad8 16. Be3 Rfe8 17. Qg4 c5 18. Bg5 Qg6 19.
Qh4 Re4 20. Bxd8 Rxh4 21. Bxh4 Qh5 22. Bg3 Bxg3 23. hxg3 cxd4 24. cxd4 Qe2 25. Rab1 h6 26. Rb7 Qxc4 27. Rxa7 c6 28. a4 Qxd4 29. Ra8+ Kh7 30. a5 c5 31. a6 c4 32. a7 c3 33. Rh8+ Kxh8 34. a8=Q+ Kh7 35. Qc6 1-0

[Event "*** Titled Tuesday Blitz"]
[Site "Chess.com"]
[Date "2019.05.07"]
[Round "9"]
[White "Hikaru"]
[Black "RegZryt"]
[Result "1-0"]
[WhiteElo "3192"]
[BlackElo "2544"]
[TimeControl "180+2"]
[EndTime "15:04:05 PDT"]
[Termination "Hikaru won by resignation"]

1. Nf3 d5 2. e3 Nf6 3. c4 e6 4. Nc3 c6 5. b3 Nbd7 6. d4 Bb4 7. Bd2 Qa5 8. Qc2 O-O 9. a3 Bxc3 10. Bxc3 Qc7 11.
Bd3 Re8 12. Rc1 b6 13. cxd5 exd5 14. Ne5 Bb7 15. O-O Nxe5 16. dxe5 Ng4 17. Bxh7+ Kh8 18. Bf5 Nxe5 19. f4 Nd7 20. Rf3 Kg8 21. Rg3 f6 22.
Bxd7 Qxd7 23. Bxf6 Re7 24. Bxe7 Qxe7 25. Rh3 Re8 26.
Qh7+ Kf7 27. b4 Qf6 28. Qh5+ Kf8 29. Rg3 Re6 30. Rg5 Ke7 31. Rf5 g6 32. Qh7+ 1-0

[Event "*** Titled Tuesday Blitz"]
[Site "Chess.com"]
[Date "2019.05.07"]
[Round "9"]
[White "Eliwood44"]
[Black "FearlessKing64"]
[Result "0-1"]
[WhiteElo "2239"]
[BlackElo "2244"]
[TimeControl "180+2"]
[EndTime "15:04:25 PDT"]
[Termination "FearlessKing64 won by resignation"]

1. d4 Nf6 2. Nf3 g6 3. Nc3 d5 4. Bf4 Bg7 5. Nb5 Na6 6. e3 Nh5 7. Bg5 h6 8. Bh4 g5 9. Nd2 Nf6 10. Bg3 c6 11. Nc3 Nc7 12. e4 dxe4 13. Ndxe4 Ncd5 14. Nxf6+ Bxf6 15. Ne4 Bg7 16. c3 O-O 17. h4 f5 18. hxg5 fxe4 19. gxh6 Bf6 20. Bc4 Kh8 21. Qc2 Bf5 22. O-O-O Bh7 23. Be5 b5 24.
Bxd5 Qxd5 25. Bxf6+ Rxf6 26. g4 e3 27. Qe2 Rxf2 28. Qxe3 Rc2+ 29. Kb1 Re2+ 0-1